 Seeded DCSS version 0.28.0 (webtiles) character file.

Game seed: 10379525442082979767 (custom seed)

67 hikkokomori the Sneak (level 4, -4/38 (39) HPs)
             Began as a Formicid Delver on Feb 16, 2022.
             Slain by an orc wizard (7 damage)
             ... on level 5 of the Dungeon.
             The game lasted 00:02:39 (670 turns).

hikkokomori the Sneak (Formicid Delver)              Turns: 670, Time: 00:02:40

HP:   -4/38 (39)    AC:  8    Str: 19    XL:     4   Next: 38%
MP:   4/4           EV:  7    Int:  9    God:
Gold: 38            SH:  0    Dex: 12    Spells: 3/3 levels left

rFire   . . .      SeeInvis +   a - +0 hand axe
rCold   . . .      Faith    .   (no shield)
rNeg    . . .      Spirit   .   g - +0 chain mail
rPois   .          Reflect  .   (helmet unavailable)
rElec   .          Harm     .   (no cloak)
rCorr   .          Rampage  .   (no gloves)
Will    .....                   (no boots)
Stlth   ..........              (no amulet)
HPRegen 0.12/turn               (no ring)
MPRegen 0.09/turn               (no ring)

@: lightly drained
A: permanent stasis, dig shafts and tunnels, antennae 3, four strong arms
a: Dig, Shaft Self


You were on level 5 of the Dungeon.
You visited 1 branch of the dungeon, and saw 1 of its levels.

You collected 38 gold pieces.

Inventory:

Hand Weapons
 a - a +0 hand axe (weapon)
Armour
 b - a +0 leather armour
 g - a +0 chain mail (worn)
Wands
 f - a wand of digging (1)
Scrolls
 c - a scroll of fog
 d - a scroll of magic mapping
 e - a scroll of fear
 i - a scroll of teleportation {unknown}
Potions
 h - 2 potions of resistance {unknown}


   Skills:
 + Level 5.4 Fighting
 - Level 2.0 Axes
 - Level 1.7 Dodging
 - Level 6.0 Stealth


You had 3 spell levels left.
You didn't know any spells.
Your spell library was empty.

Dungeon Overview and Level Annotations

Branches:
Dungeon (5/15)
 Temple: D:4-7

Altars:


Innate Abilities, Weirdness & Mutations

You cannot be hasted, slowed, berserked, paralysed or teleported.
You can dig through walls and to a lower floor.
You have a pair of large antennae on your head. (SInv)
Your four strong arms can wield two-handed weapons with a shield.


Message History

You now have 27 gold pieces (gained 10).
i - a scroll labelled MOUD DIFROBI Unknown command.
Found a weird runed staff.
Unknown command.
Found 11 gold pieces.
You now have 38 gold pieces (gained 11).
You see here a +0 leather armour.
An orc wizard comes into view. It is wielding a +0 halberd.
The orc wizard shouts!
The orc wizard casts a spell at you. The magic dart hits you.
The orc wizard mumbles some strange words.
The orc wizard flickers and vanishes for a moment.
The orc wizard casts a spell at you. You resist with some effort.
The orc wizard casts a spell at you. You resist with some effort.
The orc wizard gestures at you while chanting.
You are confused.
You're too confused to move!
The orc wizard points at you and mumbles some strange words.
The puff of flame hits you.
The orc wizard hits you with a +0 halberd!
You barely miss the orc wizard.
You feel less confused.
The orc wizard hits you with a +0 halberd! x2
* * * LOW HITPOINT WARNING * * *
You slash the orc wizard!
The orc wizard is heavily wounded.
The orc wizard hits you with a +0 halberd.
* * * LOW HITPOINT WARNING * * *
You closely miss the orc wizard.
The orc wizard is heavily wounded.
The orc wizard points at you and mumbles some strange words.
You resist with some effort.
You barely miss the orc wizard.
The orc wizard is heavily wounded.
The orc wizard hits you with a +0 halberd!
You die...

................# .##..#
#....#......#...##...)..
.....#......#.......#
.................##.#.##
...#................#.# ##
...#...##....<.....##.#..#
.......#...........#.....#
................o.........
.......###......@.........
..##.........##...........
........[...#.#..............
..........###..............Y.
............#...............
..##..#...........###..#...
..##.##......##)..#....#.#
...#####..............#.#
...# ####.....#..###.##


You could see an orc wizard (invisible).

Vanquished Creatures
  A centaur zombie (D:5)
  An orc priest (D:5)
  3 orcs (D:5)
5 creatures vanquished.

Notes
Turn   | Place    | Note
-------+----------+-------------------------------------------
     0 | D:5      | hikkokomori the Formicid Delver began the quest for the
                  | Orb.
     0 | D:5      | Reached XP level 1. HP: 18/18 MP: 1/1
    32 | D:5      | Reached XP level 2. HP: 10/26 MP: 2/2
    32 | D:5      | Reached XP level 3. HP: 12/31 MP: 3/3
   229 | D:5      | Reached skill level 5 in Fighting
   229 | D:5      | Reached XP level 4. HP: 4/38 MP: 4/4
   297 | D:5      | Noticed a sky beast
   334 | D:5      | Noticed an ice beast
   670 | D:5      | Slain by an orc wizard

Illustrated notes

Levels and vault maps discovered:
D:5:      layout_cave_pools, corexii_corridor_pit, minmay_lizard_king,
          uniq_eustachio, uniq_ijyb, uniq_duvessa, uniq_prince_ribbit1

Skill      XL: |  1  2  3 |
---------------+----------+-----
Fighting       | 4 5 |  5.4
Axes           | |  2.0
Dodging        | |  1.7
Stealth        | |  6.0

Action                   |  1- 3 |  4- 6 || total
-------------------------+-------+-------++-------
Melee: Hand axe          |    28 |    11 ||    39
 Abil: Dig               |     2 |       ||     2
Evoke: Wand              |       |     2 ||     2
Armor: Chain mail        |    23 |     3 ||    26
Dodge: Dodged            |     9 |     1 ||    10
